 Dungeon Crawl Stone Soup version 0.26.1-2-gb8aa6d0 (webtiles) character file.

Game seed: 17876160867357593355

54 Jonnyslop the Cudgeller (level 3, -4/36 HPs)
             Began as a Troll Berserker on Feb 15, 2021.
             Was a Believer of Trog.
             Killed by divine providence
             ... invoked by an orc priest
              (12 damage)
             ... on level 3 of the Dungeon.
             The game lasted 00:03:30 (1664 turns).

Jonnyslop the Cudgeller (Troll Berserker)           Turns: 1664, Time: 00:03:32

Health: -4/36      AC:  8    Str: 26    XL:     3   Next: 66%
Magic:  2/2        EV: 10    Int:  3    God:    Trog [**....]
Gold:   167        SH:  0    Dex:  9    Spells: 2/2 levels left

rFire    . . .     SeeInvis +   a - +0 mace
rCold    . . .     Faith    .   (no shield)
rNeg     . . .     Spirit   .   b - +0 animal skin
rPois    +         Reflect  .   h - +2 hat
rElec    .         Harm     .   (no cloak)
rCorr    .         Rampage  .   (gloves unavailable)
Will     ++...                  (boots unavailable)
Stlth    +.........             (no amulet)
HPRegen  1.52/turn              n - ring of poison resistance
MPRegen  0.08/turn              d - ring of see invisible

@: regenerating
A: large, unfitting armour, claws 3, regeneration 1, shaggy fur 1, tough skin 3
a: Renounce Religion, Berserk, Trog's Hand


You were on level 3 of the Dungeon.
You worshipped Trog.
Trog was pleased with you.
You visited 1 branch of the dungeon, and saw 3 of its levels.

You collected 167 gold pieces.

Inventory:

Hand Weapons
 a - a +0 mace (weapon)
Armour
 b - a +0 animal skin (worn)
 h - a +2 hat (worn)
Jewellery
 c - an uncursed ring of flight
 d - a ring of see invisible (right claw)
 n - a ring of poison resistance (left claw)
Scrolls
 f - 3 scrolls of enchant weapon {unknown}
 i - a scroll of remove curse {unknown}
 k - a scroll of immolation {unknown}
 l - 2 scrolls of fear {unknown}
Potions
 e - 4 potions of heal wounds {unknown}
 g - a potion of flight {unknown}
 j - a potion of lignification {unknown}
 m - a potion of brilliance {unknown}


   Skills:
 + Level 2.8 Fighting
 * Level 3.5 Maces & Flails
 + Level 2.8 Dodging


You had 2 spell levels left.
You didn't know any spells.
Your spell library was empty.

Dungeon Overview and Level Annotations

Branches:
Dungeon (3/15)

Altars:


Innate Abilities, Weirdness & Mutations

You are too large for most types of armour.
You have claws for hands.
Your natural rate of healing is unusually fast.
You are covered in fur. (AC +1)
You have extremely tough skin. (AC +3)


Message History

You are too injured to fight recklessly!
You are too injured to fight recklessly!
You are too injured to fight recklessly!
You are too injured to fight recklessly!
You are too injured to fight recklessly!
You are too injured to fight recklessly!
You are too injured to fight recklessly!
You are too injured to fight recklessly!
You are too injured to fight recklessly!
Your skin crawls.
You feel strong-willed.
The orc priest looks braver for a moment.
You hit the orc priest but do no damage.
The orc priest is heavily wounded.
The orc priest calls down the wrath of Beogh upon you.
Beogh smites you!
* * * LOW HITPOINT WARNING * * *
The orc priest mumbles some strange prayers to Beogh against you.
Beogh smites you!
You die...

.###.# #≈≈..#
.)...#####≈≈...
≈≈≈≈≈≈≈≈≈≈≈≈.l.
≈≈≈≈≈≈≈≈≈≈o..
.........o
.####.#....
.r.......#
#.r######
#ooo@...#
#.###...# #.#
#...# #.###...#
#.......#
#..(....#
##.###.## #.#
#.# #.# #.#


You could see 2 orc priests, an orc and a rat.

Vanquished Creatures
  An adder (D:2)
  An ooze (D:1)
  A worm (D:2)
  A leopard gecko (D:2)
  An orc (D:2)
  3 bats
  2 giant cockroaches (D:2)
  7 goblins
  4 hobgoblins
  2 jackals (D:2)
  A quokka (D:3)
  A ball python (D:1)
  4 frilled lizards
  2 kobolds
  A rat (D:2)
32 creatures vanquished.

Notes
Turn   | Place    | Note
-------+----------+-------------------------------------------
     0 | D:1      | Jonnyslop the Troll Berserker began the quest for the Orb.
     0 | D:1      | Reached XP level 1. HP: 22/22 MP: 0/0
   229 | D:1      | Reached skill level 3 in Maces & Flails
   229 | D:1      | Reached XP level 2. HP: 29/29 MP: 1/1
  1042 | D:2      | Found a faded altar of an unknown god.
  1068 | D:2      | Reached XP level 3. HP: 13/36 MP: 2/2
  1168 | D:2      | Reached ** piety under Trog
  1664 | D:3      | Killed from afar by an orc priest

Illustrated notes

Levels and vault maps discovered:
D:1:      ebering_hopf_link, layout_basic
D:2:      layout_basic, chequers_ecumenical_altar_simple, grunt_ministairs_7
D:3:      layout_basic, ashenzari_altar_1, gammafunk_ghost_gnarly_gnolls,
          kennysheep_generic_room_10

Skill      XL: |  1 |
---------------+----+-----
Maces & Flails | 3 |  3.5
Fighting       | |  2.8
Dodging        | |  2.8

Action                   || total
-------------------------++-------
Melee: Mace              ||   118
Invok: Trog's Hand       ||     1
  Use: Scroll            ||     1
Armor: Animal skin       ||    43
Dodge: Dodged            ||    69
